Map: Agria Valley

Players

Taiyaki - Winner!

  • Race: Zerg Zerg
  • Spawn Location: 11:00

Kirika

  • Race: Protoss Protoss
  • Spawn Location: 5:00

VOD

Have the link to the VOD?

Description

Time

  • Played on: June 14, 2019, 5:09 p.m.
  • Length: 31:36
Show
View Real Time Build Order
Export as new Build Order

Taiyaki Zerg - Winner!

Build Orders: Pool First 

Get SALT Encoding   

  12  0:01  Drone  
  13  0:08  Drone  
  14  0:28  Spawning Pool  
  13  0:34  Overlord  
  13  0:46  Drone  
  14  1:00  Drone x3  
  17  1:20  Zergling x2  
  17  1:24  Hatchery  
  17  1:33  Extractor  
  17  1:35  Extractor  
  15  1:45  Queen  
  17  3:20  Queen  
  17  3:21  Queen  
  21  3:54  Overlord x2  
  21  3:56  Queen  
  21  4:00  Drone x3  
  21  4:02  Drone x2  
  28  4:08  Overlord  
  28  4:09  Overlord  
  28  4:32  Hatchery  
  28  4:37  Drone x2  
  29  4:55  Hatchery  
  28  5:08  Queen  
  28  5:10  Queen  
  32  5:28  Drone x4  
  36  5:32  Drone  
  36  5:33  Drone x4  
  41  5:44  Queen  
  41  5:46  Queen  
  45  6:10  Drone  
  45  6:11  Drone x2  
  48  6:55  Lair  
  48  7:04  Roach Warren  
  47  7:14  Evolution Chamber  
  46  7:20  Evolution Chamber  
  45  7:59  Spire  
  45  8:01  Spire  
  45  8:02  Extractor  
  45  8:03  Drone x4, Extractor  
  45  8:05  Overlord x2  
  45  8:06  Overlord x5  
  45  8:07  Overlord  
  45  8:09  Overlord x5  
  45  8:10  Overlord  
  45  8:45  Drone x3  
  45  8:46  Drone x5  
  53  8:48  Drone  
  53  8:49  Drone x5  
  59  9:01  Overlord x2  
  59  9:02  Overlord  
  59  12:25  Zerg Flyer Weapons Level 1, Zerg Flyer Armor Level 1  
  59  12:35  Infestation Pit  
  58  12:38  Mutalisk  
  58  12:39  Mutalisk x19  
  98  14:43  Extractor  
  98  14:45  Extractor  
  96  14:46  Extractor  
  96  14:48  Extractor  
  96  14:51  Zerg Flyer Armor Level 2, Zerg Flyer Weapons Level 2  
  94  15:07  Drone  
  94  15:08  Drone x13  
  104  16:33  Hatchery  
  104  16:34  Overseer  
  104  16:35  Overseer  
  103  16:40  Overseer x2  
  103  17:04  Hive  
  103  17:12  Mutalisk  
  103  17:13  Mutalisk x21  
  103  17:14  Mutalisk x5  
  156  19:45  Zerg Flyer Weapons Level 3  
  156  19:46  Zerg Flyer Armor Level 3  
  150  24:12  Ultralisk Cavern  
  40  28:07  Ultralisk x10  
  40  28:08  Ultralisk x12  
  40  28:11  Overlord x3  
  40  28:12  Overlord x4  
  172  28:35  Ultralisk x4  
Show
View Real Time Build Order
Export as new Build Order

Kirika Protoss 

Build Orders:  

Get SALT Encoding   

  12  0:17  Assimilator  
  12  0:27  Assimilator  
  12  0:52  Pylon  
  12  1:01  Pylon  
  12  1:06  Assimilator  
  12  1:12  Assimilator  
  12  1:39  Probe  
  13  1:52  Probe  
  14  2:04  Probe  
  15  2:12  Gateway  
  15  2:16  Probe  
  16  2:28  Forge, Probe  
  16  2:40  Probe  
  17  2:52  Probe  
  18  3:16  Probe  
  19  3:28  Probe  
  20  3:35  Nexus  
  20  3:40  Probe  
  21  3:47  Zealot  
  23  4:28  Pylon  
  23  4:46  Zealot, Probe  
  26  4:58  Probe  
  26  4:59  Probe  
  28  5:10  Probe  
  28  5:11  Probe  
  28  5:13  Zealot  
  32  5:17  Pylon  
  32  5:23  Probe  
  32  5:27  Gateway  
  33  5:29  Forge  
  33  5:35  Probe  
  34  5:38  Cybernetics Core  
  34  5:46  Photon Cannon  
  34  5:47  Probe  
  34  5:48  Photon Cannon  
  35  6:03  Zealot  
  37  6:05  Protoss Ground Weapons Level 1  
  37  6:14  Probe  
  38  6:26  Probe  
  38  6:30  Zealot  
  38  6:31  Pylon  
  41  6:38  Probe  
  42  6:44  Pylon  
  42  6:54  Shield Battery  
  42  6:57  Zealot  
  44  7:12  Twilight Council  
  44  7:16  Stargate  
  44  7:21  Robotics Facility  
  44  7:25  Zealot  
  46  7:36  Probe  
  47  7:48  Probe  
  48  7:52  Zealot  
  50  8:00  Probe  
  50  8:04  Stalker  
  53  8:12  Probe  
  54  8:19  Zealot  
  56  8:24  Probe  
  57  8:29  Charge  
  57  8:32  Observer  
  57  8:34  Stalker  
  60  8:35  Phoenix  
  60  8:40  Protoss Air Weapons Level 1  
  62  8:45  Protoss Ground Weapons Level 2  
  62  8:46  Zealot  
  64  8:54  Observer  
  65  9:04  Stalker  
  65  9:05  Probe  
  68  9:13  Zealot  
  70  10:09  Blink  
  70  10:32  Pylon  
  70  10:48  Protoss Air Armor Level 1  
  70  10:50  Zealot, Probe, Stalker  
  70  10:51  Observer  
  76  11:02  Probe  
  77  11:12  Observer  
  78  11:19  Protoss Ground Armor Level 1  
  78  11:39  Pylon  
  78  11:57  Probe, Stalker  
  78  11:58  Observer  
  82  12:09  Probe  
  82  12:10  Resonating Glaives  
  83  12:16  Fleet Beacon  
  83  12:25  Robotics Bay  
  83  12:27  Dark Shrine, Stalker  
  85  13:02  Pylon  
  85  13:06  Pylon  
  85  13:12  Pylon  
  85  13:18  Pylon  
  85  13:20  Zealot, Phoenix, Stalker  
  85  13:24  Mothership  
  99  13:45  Phoenix  
  99  13:47  Zealot  
  103  13:50  Stalker  
  103  14:10  Phoenix  
  103  14:14  Zealot  
  107  14:20  Stalker  
  109  14:35  Phoenix  
  111  14:41  Zealot  
  113  14:48  Immortal  
  117  15:12  Pylon  
  117  15:29  Phoenix  
  117  15:30  Immortal, Zealot  
  117  15:34  Stalker  
  115  15:57  Dark Templar  
  115  16:09  Immortal  
  119  16:32  Shield Battery  
  119  16:36  Dark Templar  
  121  16:40  Protoss Ground Weapons Level 3  
  121  16:42  Photon Cannon  
  121  16:48  Immortal  
  125  17:02  Pylon  
  125  17:07  Pylon  
  125  17:13  Pylon  
  125  17:20  Dark Templar  
  127  17:27  Immortal  
  127  17:29  Pylon  
  131  17:31  Protoss Air Weapons Level 2  
  131  17:36  Pylon  
  131  17:59  Adept  
  133  18:06  Colossus  
  139  18:29  Zealot  
  138  18:56  Zealot  
  140  19:16  Zealot  
  142  19:23  Zealot  
  144  19:26  Tempest  
  149  19:39  Protoss Ground Armor Level 2  
  149  19:43  Zealot  
  149  19:45  Colossus  
  151  19:50  Zealot  
  159  20:02  Pylon  
  159  20:04  Protoss Air Armor Level 2  
  159  20:09  Tempest  
  159  20:11  Zealot  
  166  20:20  Zealot  
  168  20:38  Zealot  
  170  20:47  Zealot  
  172  21:04  Pylon  
  172  21:05  Zealot  
  174  21:21  Colossus  
  180  21:32  Zealot  
  182  21:52  Tempest  
  181  22:12  Protoss Shields Level 1  
  181  22:17  Zealot  
  181  22:20  Warp Gate  
  182  22:24  Pylon  
  182  22:38  Pylon  
  182  22:41  Colossus  
  188  22:44  Stalker  
  188  22:51  Tempest  
  185  23:00  Shadow Stride  
  183  23:34  Tempest  
  188  24:12  Pylon  
  188  24:22  Protoss Air Weapons Level 3  
  188  25:04  Tempest  
  170  25:47  Tempest  
  101  26:30  Tempest  
  78  27:13  Tempest  
  83  27:56  Tempest  
Tags
 
Matchup
PvZ
Opening
Pool First
Spawn Locations
Cross Positions
Add a new tag
Caveats
  • Supply blocks, unpowered buildings, or Contaminate may cause inaccurate times.
  • Supply counts are checked every 10 seconds.